Map: Blackpink LE

Players

ilOveJasMine - Winner!

  • Race: Terran Terran
  • Spawn Location: 7:00

icefour

  • Race: Zerg Zerg
  • League: Diamond
  • Spawn Location: 1:00

VOD

Have the link to the VOD?

Description

Time

  • Played on: Feb. 24, 2018, 7:19 a.m.
  • Length: 15:15
Show
View Real Time Build Order
Export as new Build Order

ilOveJasMine Terran - Winner!

Build Orders: Reaper Expand, Hellion Banshee, Mech 

Get SALT Encoding   

  12  0:00  SCV  
  13  0:13  SCV  
  14  0:18  Supply Depot  
  14  0:25  SCV  
  15  0:31  Refinery  
  15  0:39  SCV  
  16  0:46  Barracks  
  16  0:51  SCV  
  17  1:04  SCV  
  18  1:16  SCV  
  19  1:33  Orbital Command, Reaper  
  20  1:48  Command Center  
  20  1:59  Factory  
  20  2:02  SCV  
  21  2:10  Barracks Reactor, Refinery  
  21  2:15  SCV  
  22  2:21  Supply Depot  
  22  2:27  SCV  
  23  2:52  Starport  
  23  2:57  Hellion  
  25  3:00  Hellion, Marine  
  25  3:01  Orbital Command  
  28  3:10  SCV  
  29  3:19  Hellion  
  31  3:21  Hellion  
  31  3:22  SCV  
  34  3:28  Starport Tech Lab  
  34  3:30  Supply Depot  
  34  3:32  SCV  
  35  3:36  SCV  
  35  3:40  Hellion  
  38  3:43  Hellion  
  38  3:45  SCV  
  41  3:52  SCV  
  41  3:54  Cloaking Field  
  42  3:57  Banshee  
  42  3:58  Refinery  
  42  4:00  SCV  
  46  4:07  Cyclone  
  49  4:22  Hellion  
  49  4:25  SCV x2  
  49  4:31  Armory  
  44  4:37  Armory, SCV x2  
  46  4:39  Hellion  
  48  4:47  Hellion  
  48  4:49  SCV  
  48  4:52  Refinery  
  51  5:01  Hellion  
  53  5:08  Command Center  
  53  5:10  SCV  
  53  5:12  Supply Depot  
  54  5:16  Supply Depot  
  54  5:28  Starport Reactor  
  54  5:33  SCV x2  
  54  5:42  Barracks Tech Lab  
  50  5:45  Factory, SCV x2, Terran Vehicle Weapons Level 1  
  50  5:47  Factory  
  50  5:48  Terran Vehicle And Ship Armor Level 1  
  52  5:54  Hellion  
  54  5:57  SCV x2  
  54  5:59  Liberator  
  54  6:02  Liberator  
  56  6:10  SCV  
  57  6:12  SCV  
  58  6:22  Orbital Command, SCV  
  58  6:25  Hellion x2  
  65  6:36  Thor  
  65  6:37  Engineering Bay  
  71  6:43  Thor  
  71  6:46  Orbital Command, Hellion x2  
  81  6:52  SCV  
  81  6:53  SCV  
  83  7:04  SCV  
  84  7:10  SCV  
  84  7:13  Supply Depot  
  84  7:15  Supply Depot  
  85  7:22  Supply Depot  
  85  7:26  Refinery  
  85  7:28  Refinery  
  85  7:34  Medivac, Siege Tank  
  85  7:35  Hellion  
  85  7:36  Siege Tank  
  85  7:37  Hellion, SCV  
  97  7:38  SCV  
  99  7:47  Medivac  
  99  7:51  Infernal Pre-Igniter  
  101  7:56  Hellion  
  101  7:58  Hellion  
  94  8:07  Hellion  
  94  8:09  Hellion  
  98  8:18  Hellion  
  98  8:19  Hellion  
  102  8:21  Factory, Command Center  
  101  8:28  Hellion  
  101  8:30  Hellion  
  105  8:36  Terran Vehicle And Ship Armor Level 2, SCV x2  
  105  8:37  Terran Vehicle Weapons Level 2  
  107  8:44  SCV  
  109  8:48  SCV  
  109  8:49  Barracks Reactor  
  109  8:58  Command Center  
  109  8:59  Liberator  
  109  9:07  Supply Depot x3  
  109  9:19  Liberator  
  109  9:23  Supply Depot  
  109  9:24  Supply Depot  
  109  9:28  SCV x3, Siege Tank x2  
  109  9:29  Hellion x2  
  125  9:40  Hellion, SCV x3  
  130  9:47  Hellion  
  130  9:50  Hellion x2  
  128  9:53  SCV x3  
  131  10:00  Siege Tank x2  
  131  10:05  SCV x2  
  131  10:07  Missile Turret, Armory  
  139  10:08  Barracks Tech Lab  
  139  10:15  SCV, Factory  
  139  10:17  Hellion, Refinery  
  139  10:18  Refinery  
  142  10:22  Hellion  
  142  10:23  Smart Servos  
  142  10:28  Medivac  
  142  10:29  Hellion  
  142  10:32  Thor  
  142  10:33  Siege Tank  
  145  10:44  Hellion x2  
  145  10:48  Starport  
  143  10:53  Terran Ship Weapons Level 1  
  143  11:02  SCV x2  
  145  11:05  Siege Tank  
  152  11:11  Hellion x2  
  152  11:12  Planetary Fortress, SCV  
  152  11:14  SCV  
  152  11:15  Siege Tank  
  152  11:17  Hellion x2  
  157  11:37  Hellion  
  157  11:38  Hellion x2  
  153  11:41  Starport Reactor  
  150  11:47  Siege Tank  
  150  11:48  Hellion x2  
  150  11:52  Barracks, Terran Vehicle Weapons Level 3, Terran Vehicle And Ship Armor Level 3  
  157  11:59  Hellion x2  
  161  12:04  SCV  
  161  12:05  SCV  
  163  12:18  Supply Depot  
  163  12:20  Supply Depot  
  163  12:25  Command Center  
  163  12:27  SCV  
  164  12:37  Command Center  
  164  12:40  Hellion, Thor  
  164  12:42  Hellion x2, Siege Tank  
  177  12:52  Hellion  
  177  12:54  Liberator x2  
  179  13:00  SCV  
  179  13:02  SCV  
  175  13:06  Thor  
  177  13:14  Siege Tank  
  178  13:23  Hellion  
  180  13:35  Liberator  
  180  13:36  Thor  
  180  13:37  Hellion  
  180  13:41  Hellion x2  
  180  13:45  Hellion  
  180  13:46  Siege Tank  
  185  13:48  Refinery  
  185  13:49  Siege Tank  
  185  13:53  Liberator  
  191  14:01  Hellion  
  191  14:02  Hellion  
  185  14:10  Hellion x2  
  192  14:18  Siege Tank  
  192  14:19  Siege Tank  
  192  14:22  Hellion, Refinery  
  200  14:33  Hellion, Refinery  
  200  14:39  Fusion Core  
Show
View Real Time Build Order
Export as new Build Order

icefour Zerg 

Build Orders: Hatch First 

Get SALT Encoding   

  12  0:02  Drone  
  13  0:12  Overlord  
  13  0:20  Drone  
  14  0:31  Drone x2  
  14  0:34  Drone  
  17  0:53  Hatchery  
  17  0:55  Drone  
  17  0:59  Drone  
  18  1:10  Extractor  
  17  1:15  Spawning Pool  
  17  1:17  Drone  
  17  1:21  Drone  
  18  1:28  Drone  
  19  1:39  Overlord  
  19  1:51  Drone  
  20  2:03  Queen  
  20  2:04  Queen  
  20  2:05  Zergling x2  
  20  2:06  Zergling x2  
  26  2:10  Metabolic Boost  
  26  2:13  Drone  
  27  2:21  Drone  
  28  2:23  Drone  
  28  2:48  Zergling x2  
  28  2:49  Drone x2  
  28  2:50  Drone x2  
  33  3:02  Zergling x2  
  33  3:05  Hatchery  
  33  3:10  Overlord  
  33  3:11  Drone, Queen  
  36  3:23  Overlord  
  36  3:27  Overlord  
  36  3:29  Drone x3  
  36  3:30  Drone x3  
  42  3:37  Drone  
  41  3:50  Queen  
  42  3:58  Zergling x6  
  42  4:00  Drone x2  
  42  4:01  Zergling x8  
  46  4:24  Zergling x6  
  45  4:36  Queen  
  47  4:40  Drone x6  
  47  4:41  Drone x4  
  57  4:47  Queen  
  59  4:56  Overlord  
  59  4:57  Overlord x2  
  59  5:07  Overlord  
  59  5:15  Drone x7  
  59  5:16  Drone x2  
  59  5:20  Lair  
  68  5:21  Extractor  
  68  5:22  Extractor  
  68  5:23  Extractor  
  68  5:24  Spore Crawler  
  59  5:37  Spore Crawler  
  59  5:41  Spore Crawler  
  47  6:04  Drone x4  
  47  6:05  Drone x6  
  57  6:16  Drone x3  
  57  6:17  Drone x2  
  62  6:39  Queen  
  63  6:40  Roach Warren  
  58  6:55  Queen  
  60  7:03  Drone x2  
  60  7:04  Drone x3  
  60  7:06  Drone x3  
  68  7:13  Zergling x2  
  69  7:31  Roach x2, Queen  
  69  7:32  Roach x2  
  58  8:07  Drone, Roach x2  
  58  8:08  Drone x7  
  58  8:09  Drone x6  
  58  8:10  Drone  
  75  8:46  Queen  
  77  8:50  Queen  
  64  9:17  Zergling x10  
  64  9:18  Zergling x12  
  75  9:29  Zergling x8  
  69  9:55  Queen  
  69  9:56  Queen  
  69  9:57  Extractor  
  69  9:58  Queen  
  69  9:59  Extractor  
  73  10:00  Drone x3  
  73  10:01  Drone x7  
  73  10:02  Drone x5  
  73  10:03  Drone  
  89  10:10  Overlord x2  
  89  10:11  Overlord  
  89  10:17  Hydralisk Den  
  68  10:41  Roach  
  68  10:42  Drone x2, Zergling x2, Roach x3  
  79  10:43  Drone x6  
  79  10:44  Drone x2  
  82  11:01  Overseer  
  82  11:03  Hydralisk, Zergling x8  
  82  11:04  Zergling x4  
  87  11:07  Grooved Spines  
  89  11:22  Hydralisk  
  89  11:23  Hydralisk, Roach x2  
  93  11:38  Drone x2  
  95  11:46  Hydralisk x4  
  99  11:47  Hydralisk x2, Roach x2  
  109  11:57  Queen  
  109  11:59  Overlord x2  
  109  12:00  Hydralisk, Pneumatized Carapace  
  113  12:02  Overlord x3  
  113  12:18  Muscular Augments  
  113  12:23  Lair  
  113  12:33  Queen  
  113  12:37  Hydralisk x4, Hatchery  
  113  12:38  Roach  
  113  12:39  Roach  
  103  13:07  Drone x4  
  103  13:08  Drone x6  
  103  13:09  Drone x2  
  103  13:12  Zergling x2  
  109  13:22  Zergling x4  
  107  13:31  Drone  
  107  13:32  Drone x2  
  101  13:49  Hydralisk x3  
  101  13:53  Drone  
  102  14:09  Drone x5  
  108  14:10  Drone  
  108  14:19  Overseer  
  108  14:20  Overseer  
  108  14:32  Hydralisk x3  
  108  14:33  Hydralisk  
  108  14:34  Zergling x2, Roach x2  
  121  14:42  Drone x3  
  121  14:43  Drone x4  
  130  14:45  Roach  
Tags
 
Add a new tag
Caveats
  • Supply blocks, unpowered buildings, or Contaminate may cause inaccurate times.
  • Supply counts are checked every 10 seconds.